 Dungeon Sprint DCSS version 0.30.1-11-g7821555f0a (webtiles) character file.

Game seed: 14040094240950139584

439 Heoruswealwe the Spear-Bearer (level 6, -3/64 HPs)
             Began as a Minotaur Fighter on Jan 2, 2024.
             Was an Initiate of Gozag.
             Slain by a hornet (12 damage)
             ... in the Dungeon (Sprint IX: "|||||||||||||||||||||||||||||").
             The game lasted 00:02:43 (148 turns).

Heoruswealwe the Spear-Bearer (Minotaur Fighter)     Turns: 148, Time: 00:02:44

Health: -3/64      AC: 12    Str: 26    XL:     6   Next: 70%
Magic:  5/5        EV:  9    Int:  5    God:    Gozag
Gold:   333        SH:  0    Dex:  9    Spells: 5/5 levels left

rFire   . . .        b - +2 halberd (venom)
rCold   . . .        (shield currently unavailable)
rNeg    . . .        c - +1 chain mail
rPois   .            (helmet restricted)
rElec   .            (no cloak)
rCorr   .            (no gloves)
SInv    .            (no boots)
Will    .....        (no amulet) Stlth
                     k - +3 ring of strength
HPRegen 0.30/turn    (no ring)
MPRegen 0.09/turn

%: no teleportation
@: lethally poisoned (-3 -> -14), slowed, very slow
A: horns 2, retaliatory headbutt
a: Renounce Religion, Potion Petition, Call Merchant, Bribe Branch


You were in the Dungeon.
You worshipped Gozag.
Gozag was aware of your devotion.
You visited 1 branch You collected 333 gold pieces.

Inventory:

Hand Weapons
 a - a +0 trident
 b - a +2 halberd of venom (weapon)
Armour
 c - a +1 chain mail (worn)
 d - a +0 buckler
Jewellery
 k - a +3 ring of strength (left hand)
Wands
 j - a wand of roots (10)
Scrolls
 h - a scroll of blinking
Potions
 e - 2 potions of curing
 f - 3 potions of heal wounds
 g - a potion of haste
 i - a potion of berserk rage
 l - a potion of might


   Skills:
 + Level 9.4 Fighting
 * Level 12.3 Polearms
 + Level 9.4 Armour
 - Level 3.6 Shields


You had 5 spell levels left.
You didn't know any spells.
Your spell library was empty.

Dungeon Overview and Level Annotations

Branches:
Dungeon (1/1)

Altars:
Cheibriados
Dithmenos
Elyvilon
Fedhas
Gozag
Hepliaklqana
Kikubaaqudgha
Makhleb
Nemelex Xobeh
Okawaru
Qazlal
Ru
Sif Muna
Trog
Uskayaw
Vehumet
Wu Jian
Xom
Yredelemnul
Zin
The Shining One
Jiyva
Lugonu


Innate Abilities, Weirdness & Mutations

You have a pair of horns on your head.
You reflexively headbutt those who attack you in melee.


Message History

You puncture the wraith!
The wraith is severely damaged.
The wraith hits you but does no damage.
You slash the wraith!
You destroy the wraith!
The hornet stings you but does no damage.
Your Fighting skill increases to level 9!
Your Polearms skill increases to level 12!
Your Armour skill increases to level 9!
You closely miss the hornet. The hornet stings you!
You suddenly lose the ability to move!
The hornet stings you.
You feel as though you will be slow longer.
The hornet stings you!
You feel as though you will be slow longer.
The hornet stings you!
* * * LOW HITPOINT WARNING * * *
You are poisoned.
You shrug off the repeated paralysis!
You feel very sick.
The hornet stings you but does no damage.
You can move again.
You feel better. The hornet stings you.
You feel as though you will be slow longer.
The hornet closely misses you.
You puncture the hornet!
The hornet is moderately wounded.
The hornet completely misses you. The hornet stings you!
* * * LOW HITPOINT WARNING * * *
You are poisoned.
You feel as though you will be slow longer.
You feel better. The hornet stings you.
* * * LOW HITPOINT WARNING * * *
You are poisoned.
You feel as though you will be slow longer.
The hornet stings you!
* * * LOW HITPOINT WARNING * * *
You feel as though you will be slow longer.
The hornet stings you!
You die...
Your body crumbles into a pile of gold.

▓?▓
$
▓)▓
$
▓[▓
$
▓[▓
▓[▓
$
▓=▓
▓.▓
$
▓.▓
▓@▓
$
▓y▓
$
▓{▓
$
▓h▓
$
▓9▓
$ $
▓.▓
$
▓.▓
$
▓+▓


You could see a hornet, a gargoyle and a howler monkey.

Vanquished Creatures
  A wraith (D)
  A centaur (D)
  An ogre (D)
  A scorpion (D)
  A hound (D)
  An iguana (D)
  An adder (D)
  A ball python (D)
  An endoplasm (D)
  A bat (D)
  A frilled lizard (D)
  A rat (D)
12 creatures vanquished.

Notes
Turn   | Place    | Note
-------+----------+-------------------------------------------
     0 | D        | Heoruswealwe the Minotaur Fighter began the quest for the
                  | Orb.
     0 | D        | Reached XP level 1. HP: 19/19 MP: 0/0
     8 | D        | Reached skill level 3 in Polearms
    17 | D        | Noticed an ogre
    17 | D        | Noticed a hound
    17 | D        | Noticed a scorpion
    17 | D        | Noticed an iguana
    20 | D        | Reached skill level 4 in Polearms
    20 | D        | Reached XP level 2. HP: 28/28 MP: 1/1
    21 | D        | Found a snail-covered altar of Cheibriados.
    21 | D        | Found a shadowy altar of Dithmenos.
    21 | D        | Found a white marble altar of Elyvilon.
    21 | D        | Found a blossoming altar of Fedhas.
    21 | D        | Found an opulent altar of Gozag.
    22 | D        | Found a hazy altar of Hepliaklqana.
    23 | D        | Found a viscous altar of Jiyva.
    24 | D        | Found an ancient bone altar of Kikubaaqudgha.
    25 | D        | Found a corrupted altar of Lugonu.
    26 | D        | Found a burning altar of Makhleb.
    27 | D        | Found a sparkling altar of Nemelex Xobeh.
    28 | D        | Found an iron altar of Okawaru.
    29 | D        | Became a worshipper of Gozag Ym Sagoz the Greedy
    36 | D        | Reached skill level 5 in Fighting
    36 | D        | Reached skill level 6 in Polearms
    36 | D        | Reached skill level 5 in Armour
    36 | D        | Reached XP level 3. HP: 23/36 MP: 2/2
    45 | D        | Killed a scorpion
    46 | D        | Reached skill level 7 in Polearms
    46 | D        | Reached XP level 4. HP: 34/45 MP: 3/3
    47 | D        | Reached skill level 8 in Polearms
    51 | D        | Killed an ogre
    52 | D        | Reached skill level 10 in Polearms
    52 | D        | Reached XP level 5. HP: 32/53 MP: 4/4
    73 | D        | Found a stormy altar of Qazlal.
    74 | D        | Found a sacrificial altar of Ru.
    75 | D        | Found a shimmering blue altar of Sif Muna.
    76 | D        | Found a bloodstained altar of Trog.
    77 | D        | Found a hide-covered altar of Uskayaw.
    78 | D        | Found a radiant altar of Vehumet.
    79 | D        | Found an ornate altar of the Wu Jian Council.
    80 | D        | Found a shimmering altar of Xom.
    81 | D        | Found a basalt altar of Yredelemnul.
    82 | D        | Found a glowing silver altar of Zin.
    83 | D        | Found a glowing golden altar of the Shining One.
   133 | D        | Noticed a centaur
   133 | D        | Noticed a wraith
   133 | D        | Noticed a hornet
   133 | D        | Noticed a vampire
   133 | D        | Noticed a gargoyle
   136 | D        | Killed a centaur
   137 | D        | Reached skill level 11 in Polearms
   137 | D        | Reached XP level 6. HP: 57/62 MP: 5/5
   142 | D        | Killed a wraith
   143 | D        | Reached skill level 12 in Polearms
   143 | D        | Paralysed by a hornet for 3 turns
   148 | D        | Slain by a hornet

Illustrated notes

Levels and vault maps discovered:
D:        linesprint [early_d, line_temple, items_1, d_10, items_2, lair_1,
          lair_end, items_3, orc_1, orc_end, items_4, d_15, swamp_1, shoals_1,
          snake_1, spider_1, d_20, vaults_1, items_5, swamp_end, shoals_end,
          snake_end, spider_end, vaults_end, d_27, items_6, zot_1, zot_end,
          crypt_end, forest_end, elf_end, slime_end, tomb_end, abyss_end,
          pan_hell_end]

Skill      XL: |  1  2  3  4  5  6 |
---------------+-------------------+-----
Polearms       | 4 6 7 10 11 12 | 12.3
Fighting       | 4 5 6 7 8 9 |  9.4
Armour         | 4 5 6 7 8 9 |  9.4
Shields        | |  3.6

Action                     |  1- 3 |  4- 6 || total
---------------------------+-------+-------++-------
  Melee: Trident           |    23 |     6 ||    29
         Headbutt          |     4 |     3 ||     7
         Halberd           |       |    10 ||    10
    Use: Scroll            |     1 |       ||     1
         Potion            |     1 |     2 ||     3
   Stab: Distracted        |       |     1 ||     1
 Armour: Scale mail        |     7 |       ||     7
         Chain mail        |       |     6 ||     6
  Dodge: Dodged            |     9 |     6 ||    15
  Block: Buckler           |     7 |       ||     7
